 Dungeon Crawl Stone Soup version 0.29-a0-816-g82769f0e0c (webtiles) character file.

Game seed: 7075782957994604958

1533 Ayihk420 the Protected (level 8, -5/70 HPs)
             Began as a Minotaur Fighter on July 5, 2022.
             Was an Initiate of Makhleb.
             Slain by an ancient zyme (7 damage)
             ... created by the touch of Lugonu
             ... on level 6 of the Dungeon.
             The game lasted 00:18:34 (4929 turns).

Ayihk420 the Protected (Minotaur Fighter)           Turns: 4929, Time: 00:18:35

Health: -5/70      AC: 13    Str: 21    XL:     8   Next: 55%
Magic:  7/7        EV:  8    Int:  5    God:    Makhleb [......]
Gold:   150        SH:  5    Dex: 12    Spells: 7/7 levels left

rFire   + . .      SeeInvis .   o - +1 demon blade (drain)
rCold   . . .      Faith    .   c - +0 buckler
rNeg    . . .      Spirit   .   v - +1 chain mail {rF+}
rPois   .          Reflect  .   (helmet restricted)
rElec   .          Harm     .   A - +0 cloak
rCorr   .          Rampage  .   (no gloves)
Will    .....                   (no boots)
Stlth   ..........              (no amulet)
HPRegen 0.00/turn               (no ring)
MPRegen 0.10/turn               (no ring)

@: sick
A: horns 2, retaliatory headbutt
a: Renounce Religion


You were on level 6 of the Dungeon.
You worshipped Makhleb.
Makhleb was noncommittal.
You visited 2 branches of the dungeon, and saw 7 of its levels.
You visited the Abyss 1 time.

You collected 150 gold pieces.

Inventory:

Hand Weapons
 a - a +0 war axe
 m - a +0 club
 n - a +4 mace of pain
 o - a +1 demon blade of draining (weapon)
 q - a +0 sling
 F - a +0 whip
Missiles
 f - 10 poisoned darts (quivered)
 h - 33 stones
Armour
 b - a +0 scale mail
 c - a +0 buckler (worn)
 v - a +1 chain mail of fire resistance (worn)
 A - a +0 cloak (worn)
Jewellery
 g - a ring of wizardry
 j - an amulet of reflection
 y - a +6 ring of dexterity
Wands
 u - a wand of charming (6)
 w - a wand of polymorph (9)
Scrolls
 e - a scroll of fog {unknown}
 p - a scroll of magic mapping
Potions
 d - a potion of might
 i - a potion of resistance
 r - 2 potions of flight


   Skills:
 + Level 5.9 Fighting
 + Level 7.4 Long Blades
 + Level 4.3 Axes
 + Level 8.0 Armour
 + Level 1.5 Dodging
 + Level 5.5 Shields


You had 7 spell levels left.
You didn't know any spells.
Your spell library contained the following spells:

 Spells                   Type           Power      Damage    Failure   Level
 Freeze                   Ice            0%         1d3       99%         1
 Sandblast                Erth           0%         2d4       99%         1
 Ensorcelled Hibernation  Hex/Ice        0%         N/A       100%        2
 Passwall                 Tmut/Erth      0%         N/A       100%        2
 Frozen Ramparts          Ice            0%         1d2       100%        3
 Stone Arrow              Conj/Erth      0%         3d7       100%        3
 Swiftness                Air            0%         N/A       100%        3
 Hailstorm                Conj/Ice       0%         3d3       100%        4


Dungeon Overview and Level Annotations

Branches:
Dungeon (6/15)             Temple (1/1) D:4

Altars:
Ashenzari
Cheibriados
Dithmenos
Elyvilon
Fedhas
Gozag
Hepliaklqana
Kikubaaqudgha
Makhleb
Nemelex Xobeh
Okawaru
Qazlal
Ru
Sif Muna
Uskayaw
Vehumet
Wu Jian
Xom
Yredelemnul
Zin
The Shining One
Lugonu

Shops:
D:3 *   D:4 *


Innate Abilities, Weirdness & Mutations

You have a pair of horns on your head.
You reflexively headbutt those who attack you in melee.


Message History

You start resting.
Lugonu's wrath scatters you! Lugonu sends minions to punish you.
A small abomination and an ancient zyme come into view.
Found a stone staircase leading up.
You feel yourself growing ill in the presence of the ancient zyme.
You feel ill.
The small abomination attacks as you move away!
The small abomination hits you.
Found 9 gold pieces.
The small abomination hits you!
The small abomination hits you but does no damage.
You feel ill.
There is a stone staircase leading up here.
You can't go down here!
You slash the small abomination!
You headbutt the small abomination, but do no damage.
The small abomination is moderately damaged.
You block the small abomination's attack.
The small abomination closely misses you.
The ancient zyme hits you but does no damage.
The ancient zyme barely misses you.
You closely miss the small abomination.
The small abomination is moderately damaged.
You block the small abomination's attack.
The ancient zyme hits you! You block the ancient zyme's attack.
You barely miss the small abomination.
The small abomination is moderately damaged.
The small abomination hits you.
* * * LOW HITPOINT WARNING * * *
The small abomination hits you!
* * * LOW HITPOINT WARNING * * *
The ancient zyme barely misses you.
The ancient zyme hits you but does no damage.
You feel ill.
You hit the ancient zyme. You headbutt the ancient zyme!
The ancient zyme is moderately damaged.
The small abomination closely misses you.
You furiously retaliate!
You headbutt the small abomination!
The ancient zyme hits you but does no damage.
The ancient zyme hits you!
You die...

.#... .#..# #..
....#.. #... ....#..
....# ....... .....
....... #..###.......
##...#@....$..
###....xx.......
###..##....#.#....
#.##...###....#......
.......<.#.......#..#
.....#†..........# ##
..# ##..........#
##..........#
............#


You could see an ancient zyme and a small abomination.

Vanquished Creatures
  A thrashing horror (Abyss:1)
  Prince Ribbit (D:5)
  Grinder (D:3)
  A phantom (D:5)
  2 scorpions (D:4)
  A small abomination (D:5)
  2 hounds
  A jelly (D:4)
  Jessica (D:2)
  Terence (D:3)
  Ijyb (D:3)
  2 iguanas (D:4)
  Robin (D:2)
  4 adders
  A shadow imp (D:5)
  3 ufetubi (D:4)
  5 dart slugs
  6 endoplasms
  4 giant cockroaches
  11 goblins
  9 hobgoblins
  4 jackals (D:3)
  3 quokkas
  7 ball pythons
  4 bats
  3 frilled lizards
  11 kobolds
  9 rats
100 creatures vanquished.

Notes
Turn   | Place    | Note
-------+----------+-------------------------------------------
     0 | D:1      | Ayihk420 the Minotaur Fighter began the quest for the Orb.
     0 | D:1      | Reached XP level 1. HP: 19/19 MP: 0/0
   285 | D:1      | Found a faded altar of an unknown god.
   289 | D:1      | Reached skill level 4 in Armour
   289 | D:1      | Reached XP level 2. HP: 22/27 MP: 1/1
   421 | D:1      | Prayed at the altar of an unknown god.
   421 | D:1      | Became a worshipper of Lugonu the Unformed
   421 | D:1      | Reached * piety under Lugonu
   421 | D:1      | Reached ** piety under Lugonu
   835 | D:2      | Reached XP level 3. HP: 33/33 MP: 2/2
   912 | D:2      | Noticed Jessica
   917 | D:2      | Killed Jessica
   928 | D:2      | Reached XP level 4. HP: 26/41 MP: 3/3
   937 | D:2      | Noticed Robin
   944 | D:2      | Killed Robin
  1187 | D:2      | Reached *** piety under Lugonu
  1607 | D:3      | Noticed Terence
  1634 | D:3      | Reached XP level 5. HP: 27/47 MP: 4/4
  1643 | D:3      | Killed Terence
  1644 | D:3      | Reached skill level 1 in Long Blades
  1813 | D:3      | Found a hide-covered altar of Uskayaw.
  1813 | D:3      | Noticed Ijyb
  1821 | D:3      | Killed Ijyb
  1947 | D:3      | Noticed Grinder
  1951 | D:3      | Paralysed by Grinder for 5 turns
  1959 | D:3      | Killed Grinder
  1960 | D:3      | Reached skill level 5 in Armour
  1960 | D:3      | Reached XP level 6. HP: 19/55 MP: 5/5
  2184 | D:3      | Found Iria's Assorted Antiques.
  2667 | D:4      | Reached skill level 5 in Fighting
  2874 | D:4      | Found a staircase to the Ecumenical Temple.
  2883 | Temple   | Entered the Ecumenical Temple
  3233 | Temple   | Fell from the grace of Lugonu
  3233 | Temple   | Became a worshipper of Makhleb the Destroyer
  3524 | D:4      | Reached skill level 6 in Armour
  3524 | D:4      | Reached XP level 7. HP: 61/61 MP: 6/6
  3566 | D:4      | Found Reqeklau's Overcharged Wands.
  3740 | D:4      | Reached skill level 5 in Shields
  4326 | D:5      | Entered Level 5 of the Dungeon
  4326 | D:5      | Noticed Prince Ribbit
  4354 | D:5      | Killed Prince Ribbit
  4355 | D:5      | Reached skill level 5 in Long Blades
  4355 | D:5      | Reached skill level 1 in Dodging
  4626 | D:5      | Noticed a thrashing horror
  4626 | Abyss:1  | Found a corrupted altar of Lugonu.
  4626 | Abyss:1  | Cast into level 1 of the Abyss (Lugonu's touch)
  4691 | Abyss:1  | Noticed a thrashing horror
  4709 | Abyss:1  | Killed a thrashing horror
  4710 | Abyss:1  | Reached skill level 7 in Armour
  4710 | Abyss:1  | Reached XP level 8. HP: 19/70 MP: 7/7
  4793 | D:5      | Escaped the Abyss
  4810 | D:6      | Reached skill level 8 in Armour
  4918 | D:6      | Noticed an ancient zyme
  4928 | D:6      | HP: 2/70 [small abomination[the touch of Lugonu] (16)]
  4929 | D:6      | Slain by an ancient zyme

Illustrated notes

Levels and vault maps discovered:
D:1:      sevenhm_arrival_forest_fort_small_5, layout_rooms,
          chequers_ecumenical_altar_simple, chequers_serial_rivers_small_a
D:2:      layout_basic, uniq_jessica, uniq_robin
D:3:      cheibrodos_helix_gallery, layout_loops_ring, nicolae_uskayaw_suspiria,
          serial_shops, shop, uniq_ijyb, uniq_grinder, uniq_terence
D:4:      layout_rooms, minmay_temple_entry_arrows, minivault_27,
          grunt_decor_arrowhead, nicolae_shop_overcharged_wands
D:5:      layout_cave_pools, serial_shops, shop_fountains, uniq_prince_ribbit1,
          uniq_duvessa
D:6:      hellmonk_ruined_rings, layout_cave_pools, uniq_pikel
Temple:   mainiacjoe_temple_big_plus

Skill      XL: |  1  2  3  4  5  6  7  8 |
---------------+-------------------------+-----
Armour         | 4 5 6 7 8 |  8.0
Fighting       | 4 5 |  5.9
Shields        | 4 5 |  5.5
Axes           | 3 4 |  4.3
Long Blades    | 2 3 7 |  7.4
Dodging        | 1 |  1.5

Action                   |  1- 3 |  4- 6 |  7- 9 || total
-------------------------+-------+-------+-------++-------
Melee: War axe           |    63 |    21 |       ||    84
       Headbutt          |    13 |    17 |    16 ||    46
       Demon blade       |       |   110 |    61 ||   171
  Use: Scroll            |       |       |    11 ||    11
       Potion            |       |       |     6 ||     6
Armor: Scale mail        |    28 |    37 |       ||    65
       Chain mail        |       |    38 |    38 ||    76
Dodge: Dodged            |    19 |    61 |    30 ||   110
Block: Buckler           |    17 |    29 |    19 ||    65

Table legend: (Time is in decaauts)
 A = Elapsed time spent in this place.
 B = Non-inter-level travel time spent in this place.
 C = Inter-level travel time spent in this place.
 D = Time resting spent in this place.
 E = Time spent auto-exploring this place.
 F = Levels seen in this place.
 G = Mean time per level.
                   A        B        C        D        E       F      G
               +--------+--------+--------+--------+--------+-----+--------+
         Total |   5009 |   5009 |      0 |   1374 |   2144 |   8 |  626.1 |
       Dungeon |   4234 |   4234 |      0 |   1195 |   1858 |   6 |  705.7 |
        Temple |    606 |    606 |      0 |    100 |    251 |   1 |  606.0 |
         Abyss |    167 |    167 |      0 |     79 |     35 |   1 |  167.0 |
               +--------+--------+--------+--------+--------+-----+--------+

Top non-repeatable levels by time:
     D:4: 1154 daAuts
     D:3: 1083 daAuts
     D:1: 857 daAuts
     D:2: 702 daAuts
  Temple: 606 daAuts
     D:5: 316 daAuts
 Abyss:1: 167 daAuts
     D:6: 120 daAuts
